 Dungeon Sprint DCSS version 0.27-a0-1529-g1e82c303ef (webtiles) character file.

Game seed: 13470366687750891366

107913 mhtbhm the Minotaur Barricade (level 16, -24/171 HPs)
             Began as a Minotaur Fighter on July 11, 2021.
             Was a High Priest of Qazlal.
             Killed from afar by Antaeus (36 damage)
             ... with a flash freeze
             ... in the Dungeon (Sprint VII: "The Pits").
             The game lasted 00:14:45 (4702 turns).

mhtbhm the Minotaur Barricade (Minotaur Fighter)    Turns: 4702, Time: 00:14:46

Health: -24/171    AC: 46    Str: 28    XL:     16   Next: 1%
Magic:  3/28       EV: 11    Int:  5    God:    Qazlal [*****.]
Gold:   53         SH: 34    Dex: 10    Spells: 15/15 levels left

rFire    + . .     SeeInvis .   o - +9 eudemon blade (holy)
rCold    + + .     Faith    .   c - +0 tower shield {AC+3}
rNeg     . . .     Spirit   .   b - +9 scales of the Dragon King {rPois rF+ rC+ Will+}
rPois    +         Reflect  .   s - +2 hat
rElec    .         Harm     .   q - +1 cloak
rCorr    .         Rampage  +   H - +2 pair of gloves
Will     ++...     NoTele   +   r - +2 pair of boots {rampage}
Stlth    ..........             A - amulet of regeneration
HPRegen  1.38/turn              n - +3 ring of evasion
MPRegen  0.21/turn              B - ring of poison resistance

@: mighty, protected from cold, hasted, glowing, repel missiles, very quick
A: horns 2, retaliatory headbutt
a: Renounce Religion, Upheaval, Elemental Force, Disaster Area


You were in the Dungeon.
You worshipped Qazlal.
Qazlal was extremely pleased with you.
You visited 1 branch You collected 53 gold pieces.

Inventory:

Hand Weapons
 a - a +1 broad axe of freezing
 o - a +9 eudemon blade of holy wrath (weapon)
 I - the +4 morningstar "Natiov" {venom, rPois Str+8}
   (You found it in the Dungeon)

   It poisons the flesh of those it strikes.
   Str:       It affects your strength (+8).
   rPois:     It protects you from poison.
Armour
 b - the +9 scales of the Dragon King (worn) {rPois rF+ rC+ Will+}
   (You found it in the Dungeon)

   rF:        It protects you from fire.
   rC:        It protects you from cold.
   rPois:     It protects you from poison.
   Will:      It increases your willpower.
 c - a +0 tower shield of protection (worn)
 q - a +1 cloak (worn)
 r - a +2 pair of boots of rampaging (worn)
 s - a +2 hat (worn)
 H - a +2 pair of gloves (worn)
Jewellery
 n - a +3 ring of evasion (left hand)
 z - a ring of protection from fire
 A - an amulet of regeneration (around neck)
 B - a ring of poison resistance (right hand)
 C - a ring of fire
 D - a ring of resist corrosion
Scrolls
 l - 5 scrolls of amnesia
 m - a scroll of summoning
 t - 3 scrolls of identify
 v - 3 scrolls of enchant armour
 w - 2 scrolls of fog
 y - a scroll of fear
Potions
 d - a potion of might
 e - 12 potions of curing
 g - 5 potions of haste
 h - 4 potions of magic
 i - a potion of berserk rage
 k - a potion of invisibility
 p - a potion of resistance
 x - 3 potions of mutation
 E - a potion of attraction
 F - a potion of lignification {unknown}
Miscellaneous
 G - the horn of Geryon


   Skills:
 + Level 22.9 Fighting
 * Level 10.6 Long Blades
 + Level 23.3(24.4) Axes
 + Level 14.2(20.3) Maces & Flails
 + Level 18.0 Armour
 + Level 5.8 Dodging
 + Level 8.4 Stealth
 O Level 27 Shields
 * Level 18.7 Invocations


You had 15 spell levels left.
You didn't know any spells.
Your spell library contained the following spells:

 Spells                   Type           Power      Damage    Failure   Level
 Dazzling Flash           Conj/Hex       0%         N/A       100%        3
 Portal Projectile        Hex/Tloc       0%         N/A       100%        3
 Iskenderun's Mystic Bla  Conj/Tloc      0%         2d3       100%        4
 Olgreb's Toxic Radiance  Pois           0%         N/A       100%        4
 Blade Hands              Tmut           0%         N/A       100%        5
 Excruciating Wounds      Necr           0%         N/A       100%        5
 Fireball                 Conj/Fire      0%         3d3       100%        5
 Shadow Creatures         Summ           N/A        N/A       100%        6
 Starburst                Conj/Fire      0%         8x6d3     100%        6
 Ozocubu's Refrigeration  Ice            0%         4d5       100%        7
 Ignition                 Fire           0%         3d3       100%        8


Dungeon Overview and Level Annotations

Branches:
Dungeon (1/1)

Altars:
Ashenzari
Cheibriados
Dithmenos
Elyvilon
Fedhas
Gozag
Hepliaklqana
Kikubaaqudgha
Makhleb
Nemelex Xobeh
Okawaru
Qazlal
Ru
Sif Muna
Trog
Uskayaw
Vehumet
Wu Jian
Xom
Yredelemnul
Zin
The Shining One
Beogh
Jiyva
Lugonu

Annotations:
D Antaeus


Innate Abilities, Weirdness & Mutations

You have a pair of horns on your head.
You reflexively headbutt those who attack you in melee.


Message History

The blast of rubble hits Xacowi!!!
Xacowi is lightly wounded.
The blast of ice hits Xacowi!!
Xacowi partially resists.
Xacowi is moderately wounded.
Xacowi is flash-frozen.
The blast of magma engulfs Xacowi!
Xacowi partially resists.
Xacowi is moderately wounded.
The blast of ice hits Xacowi.
Xacowi partially resists.
Xacowi is moderately wounded.
Xacowi sneers, "Thy mind shall be my junket!"
Unknown command.
Unknown command.
Unknown command.
Unknown command.
Nature churns violently around you!
The blast of rubble hits Xacowi!!!
Xacowi is heavily wounded.
The blast of ice hits Xacowi!!
Xacowi partially resists.
Xacowi is heavily wounded.
The cutting wind hits Xacowi!!!
Xacowi is severely wounded.
The blast of ice hits Xacowi!!
Xacowi partially resists.
Xacowi is severely wounded.
The cutting wind hits Xacowi!!!
Xacowi is almost dead.
You block Antaeus's attack. Antaeus misses you.
Unknown command.
Unknown command.
Unknown command.
Unknown command.
Unknown command.
You hit Antaeus but do no damage. You headbutt Antaeus, but do no damage.
Antaeus is lightly wounded.
You hit Antaeus but do no damage.
Antaeus is lightly wounded.
Xacowi is no longer encased in ice.
Antaeus gestures at you. The flash freeze hits you!!! You partially resist.
You feel more protected from cold.
You die...

#1.## #'# §≈.#
#.# #)'# #'# #C#
#.# ##†###.# #'#
#...'...# #.#
##..'##.+# #'#
#A###.### #+# #.#
##C@###.###.###'#
#.§..≈≈§§&..##.##
##.##≈≈##.)##...#
###.###.##''...#
## ## ####.## #'#
#.# #'# #.#


You could see Antaeus, Xacowi and an angel.

Vanquished Creatures
  A pandemonium lord (D)
  An ancient lich (D)
  Mara (D)
  A royal mummy (D)
  Geryon (D)
  A golden dragon (D)
  2 pearl dragons (D)
  A bone dragon (D)
  A Tzitzimitl (D)
  2 Ice Fiends (D)
  A hellephant (D)
  A titan (D)
  Polyphemus (D)
  Gastronok (D)
  A storm dragon (D)
  A shadow dragon (D)
  A daeva (D)
  2 azure jellies (D)
  A nagaraja (D)
  A frost giant (D)
  A cacodemon (D)
  A ghost moth (D)
  An orc warlord (D)
  2 black draconians (D)
  A lorocyproca (D)
  A purple draconian (D)
  A dire elephant (D)
  A red draconian (D)
  A green death (D)
  A fire dragon (D)
  A deep elf high priest (D)
  A yaktaur captain (D)
  A naga warrior (D)
  An alligator snapping turtle (D)
  An ice dragon (D)
  A death knight (D)
  2 two-headed ogres (D)
  4 deep elf knights (D)
  2 fire crabs (D)
  A salamander mystic (D)
  A sixfirhy (D)
  A cherub (D)
  A spriggan druid (D)
  A phantasmal warrior (D)
  3 harpies (D)
  A bog body (D)
  13 orc knights (D)
  A deep elf pyromancer (D)
  2 wizards (D)
  2 lindwurms (D)
  4 elephants (D)
  An ugly thing (D)
  A black mamba (D)
  A rust devil (D)
  2 guardian serpents (D)
  2 smoke demons (D)
  2 unseen horrors (D)
  An eye of devastation (D)
  A kobold demonologist (D)
  2 efreet (D)
  A komodo dragon (D)
  7 yaktaurs (D)
  A freezing wraith (D)
  3 red devils (D)
  3 guardian mummies (D)
  A jumping spider (D)
  An ice devil (D)
  A troll (D)
  Grinder (D)
  A wandering mushroom (D)
  A snapping turtle (D)
  2 flying skulls (D)
  3 redbacks (D)
  An air elemental (D)
  2 tarantellas (D)
  A fire bat (D)
  A spriggan (D)
  Eustachio (D)
  6 vampire mosquitoes (D)
  A naga (D)
  An acid dragon (D)
  A floating eye (D)
  2 ogres (D)
  2 centaurs (D)
  A kobold brigand (D)
  2 earth elementals (D)
  A gnoll sergeant (D)
  2 scorpions (D)
  12 killer bees (D)
  4 wights (D)
  2 quasits (D)
  An orc priest (D)
  A hound (D)
  2 orc wizards (D)
  An iguana (D)
  6 gnolls (D)
  A river rat (D)
  A white imp (D)
  An ufetubus (D)
  An adder zombie (D)
  An adder simulacrum (D)
  4 orcs (D)
  2 endoplasms (D)
  A giant cockroach (D)
  2 hobgoblins (D)
  2 ball pythons (D)
  2 bats (D)
  A frilled lizard (D)
  A goblin (D)
  A jackal skeleton (D)
  A rat (D)
194 creatures vanquished.

Vanquished Creatures (collateral kills)
  Arachne (D)
  A manticore (D)
2 creatures vanquished.

Vanquished Creatures (others)
  An orc warlord (D)
  A yaktaur captain (D)
  A yaktaur (D)
  Jessica (D)
4 creatures vanquished.

Grand Total: 200 creatures vanquished

Notes
Turn   | Place    | Note
-------+----------+-------------------------------------------
     0 | D        | mhtbhm the Minotaur Fighter began the quest for the Orb.
     0 | D        | Reached XP level 1. HP: 19/19 MP: 0/0
    19 | D        | Reached skill level 4 in Shields
    19 | D        | Reached XP level 2. HP: 3/28 MP: 1/1
    23 | D        | Found a bloodstained altar of Trog.
    23 | D        | Found a shimmering blue altar of Sif Muna.
    23 | D        | Found a viscous altar of Jiyva.
    23 | D        | Found a hazy altar of Hepliaklqana.
    23 | D        | Found an opulent altar of Gozag.
    24 | D        | Found a glowing golden altar of the Shining One.
    24 | D        | Found a glowing silver altar of Zin.
    24 | D        | Found a basalt altar of Yredelemnul.
    24 | D        | Found a shimmering altar of Xom.
    24 | D        | Found an ornate altar of the Wu Jian Council.
    24 | D        | Found a sacrificial altar of Ru.
    24 | D        | Found a stormy altar of Qazlal.
    24 | D        | Found an iron altar of Okawaru.
    24 | D        | Found a sparkling altar of Nemelex Xobeh.
    24 | D        | Found a burning altar of Makhleb.
    24 | D        | Found a blossoming altar of Fedhas.
    24 | D        | Found a white marble altar of Elyvilon.
    24 | D        | Found a shadowy altar of Dithmenos.
    24 | D        | Found a snail-covered altar of Cheibriados.
    26 | D        | Found a radiant altar of Vehumet.
    26 | D        | Found a corrupted altar of Lugonu.
    27 | D        | Found a hide-covered altar of Uskayaw.
    27 | D        | Found an ancient bone altar of Kikubaaqudgha.
    27 | D        | Found a broken altar of Ashenzari.
    31 | D        | Became a worshipper of Qazlal Stormbringer
   298 | D        | Noticed a scorpion
   307 | D        | Killed a scorpion
   308 | D        | Reached skill level 5 in Fighting
   308 | D        | Reached skill level 6 in Shields
   308 | D        | Reached XP level 3. HP: 28/37 MP: 2/2
   308 | D        | Reached XP level 4. HP: 34/44 MP: 3/3
   315 | D        | Reached * piety under Qazlal
   396 | D        | Noticed a centaur
   398 | D        | Reached ** piety under Qazlal
   404 | D        | Killed a centaur
   405 | D        | Reached skill level 5 in Axes
   405 | D        | Reached skill level 7 in Shields
   405 | D        | Reached XP level 5. HP: 36/52 MP: 4/4
   529 | D        | Noticed a flying skull
   536 | D        | Reached *** piety under Qazlal
   537 | D        | Reached skill level 1 in Dodging
   537 | D        | Reached skill level 8 in Shields
   540 | D        | Reached XP level 6. HP: 57/61 MP: 5/5
   543 | D        | Reached **** piety under Qazlal
   549 | D        | Reached skill level 9 in Shields
   556 | D        | Killed a flying skull
   556 | D        | Reached ***** piety under Qazlal
   557 | D        | Reached skill level 10 in Armour
   557 | D        | Reached skill level 1 in Stealth
   557 | D        | Reached skill level 10 in Shields
   557 | D        | Reached XP level 7. HP: 56/70 MP: 6/6
   591 | D        | Noticed a tarantella
   597 | D        | Killed a tarantella
   598 | D        | Reached skill level 10 in Axes
   598 | D        | Reached skill level 11 in Shields
   685 | D        | Noticed Grinder
   688 | D        | Paralysed by Grinder for 3 turns
   708 | D        | Paralysed by Grinder for 3 turns
   713 | D        | Killed Grinder
   714 | D        | Reached skill level 10 in Fighting
   714 | D        | Reached XP level 8. HP: 61/79 MP: 7/7
   790 | D        | Noticed a deep elf pyromancer
   790 | D        | Noticed a flying skull
   803 | D        | Killed a flying skull
   804 | D        | Reached skill level 12 in Shields
   815 | D        | Killed a deep elf pyromancer
   816 | D        | Reached skill level 13 in Shields
   934 | D        | Noticed a red devil
   936 | D        | Reached ****** piety under Qazlal
   953 | D        | Killed a red devil
   954 | D        | Reached XP level 9. HP: 63/89 MP: 8/8
  1062 | D        | Noticed a komodo dragon
  1072 | D        | Killed a komodo dragon
  1073 | D        | Reached skill level 14 in Shields
  1073 | D        | Noticed a black mamba
  1086 | D        | Killed a black mamba
  1087 | D        | Reached skill level 15 in Shields
  1150 | D        | Noticed a freezing wraith
  1153 | D        | Noticed a kobold demonologist
  1155 | D        | Reached skill level 5 in Dodging
  1161 | D        | Reached XP level 10. HP: 50/97 MP: 9/9
  1165 | D        | Reached skill level 16 in Shields
  1538 | D        | Noticed Gastronok
  1538 | D        | Noticed a phantasmal warrior
  1540 | D        | Noticed a two-headed ogre
  1547 | D        | Killed a phantasmal warrior
  1548 | D        | Reached skill level 15 in Axes
  1557 | D        | Killed Gastronok
  1558 | D        | Reached skill level 17 in Shields
  1559 | D        | Killed a two-headed ogre
  1560 | D        | Reached XP level 11. HP: 48/107 MP: 10/10
  1779 | D        | Noticed a nagaraja
  1779 | D        | Noticed Eustachio
  1779 | D        | Noticed Jessica
  1779 | D        | Noticed a lindwurm
  1782 | D        | Killed Jessica
  1783 | D        | Noticed a lindwurm
  1789 | D        | Reached skill level 1 in Invocations
  1790 | D        | Killed a nagaraja
  1791 | D        | Reached skill level 18 in Shields
  1791 | D        | Killed a lindwurm
  1795 | D        | Killed a lindwurm
  1803 | D        | Killed Eustachio
  1804 | D        | Reached skill level 5 in Invocations
  2134 | D        | Noticed an orc knight
  2150 | D        | Killed an orc knight
  2161 | D        | Noticed a harpy
  2161 | D        | Noticed a harpy
  2162 | D        | Noticed a harpy
  2164 | D        | Killed a harpy
  2167 | D        | Killed a harpy
  2171 | D        | Killed a harpy
  2205 | D        | Reached skill level 19 in Shields
  2205 | D        | Reached XP level 12. HP: 106/118 MP: 16/16
  2205 | D        | Noticed Polyphemus
  2214 | D        | Killed Polyphemus
  2215 | D        | Reached skill level 15 in Fighting
  2272 | D        | Noticed a daeva
  2272 | D        | Noticed a death knight
  2282 | D        | Killed a daeva
  2283 | D        | Killed a death knight
  2284 | D        | Reached skill level 20 in Shields
  2334 | D        | Got Reso's Papyrus of Slavery and Combat Magic
  2393 | D        | Noticed Arachne
  2404 | D        | Killed Arachne
  2405 | D        | Reached skill level 10 in Invocations
  2405 | D        | Noticed a fire dragon
  2405 | D        | Noticed a two-headed ogre
  2411 | D        | Noticed a red draconian
  2423 | D        | Noticed a dire elephant
  2428 | D        | Killed a fire dragon
  2429 | D        | Reached skill level 21 in Shields
  2430 | D        | Killed a red draconian
  2431 | D        | Reached XP level 13. HP: 48/130 MP: 1/20
  2447 | D        | Killed a dire elephant
  2448 | D        | Reached skill level 15 in Armour
  2757 | D        | Noticed a green death
  2766 | D        | Killed a green death
  2780 | D        | Killed a lorocyproca
  2781 | D        | Reached skill level 22 in Shields
  2800 | D        | Noticed a pearl dragon
  2814 | D        | Killed a pearl dragon
  3008 | D        | Noticed Mara
  3024 | D        | Noticed mhtbhm's illusion
  3037 | D        | Killed Mara
  3038 | D        | Reached skill level 23 in Shields
  3069 | D        | Noticed Geryon
  3087 | D        | Killed Geryon
  3157 | D        | Noticed an orc warlord
  3157 | D        | Noticed an orc warlord
  3164 | D        | Reached skill level 24 in Shields
  3164 | D        | Reached XP level 14. HP: 146/146 MP: 15/23
  3171 | D        | Killed an orc warlord
  3171 | D        | Killed an orc warlord
  3203 | D        | Reached skill level 25 in Shields
  3203 | D        | Reached skill level 15 in Invocations
  3226 | D        | Reached skill level 5 in Stealth
  3241 | D        | Found the +9 scales of the Dragon King {rPois rF+ rC+
                  | Will+}
  3504 | D        | Got the +4 morningstar "Natiov" {venom, rPois Str+8}
  3576 | D        | Noticed an azure jelly
  3582 | D        | Killed an azure jelly
  3585 | D        | Noticed a bone dragon
  3585 | D        | Noticed an Ice Fiend
  3585 | D        | Noticed a pearl dragon
  3585 | D        | Noticed a titan
  3586 | D        | Killed a pearl dragon
  3587 | D        | Killed an Ice Fiend
  3590 | D        | Killed a titan
  3594 | D        | Killed a bone dragon
  3595 | D        | Reached skill level 26 in Shields
  3772 | D        | Noticed a shadow dragon
  3789 | D        | Killed a shadow dragon
  3790 | D        | Reached XP level 15. HP: 84/157 MP: 26/26
  3969 | D        | Noticed an azure jelly
  3975 | D        | Killed an azure jelly
  3978 | D        | Noticed a storm dragon
  3991 | D        | Killed a storm dragon
  4020 | D        | Noticed an Ice Fiend
  4034 | D        | Killed an Ice Fiend
  4145 | D        | Killed a ghost moth
  4146 | D        | Reached skill level 27 in Shields
  4280 | D        | Noticed a Tzitzimitl
  4297 | D        | Killed a Tzitzimitl
  4524 | D        | Noticed Suni the pandemonium lord
  4586 | D        | Killed Suni the pandemonium lord
  4626 | D        | Noticed a golden dragon
  4636 | D        | Killed a golden dragon
  4638 | D        | Noticed an ancient lich
  4645 | D        | Killed an ancient lich
  4651 | D        | Noticed a hellephant
  4651 | D        | Noticed a frost giant
  4661 | D        | Noticed a royal mummy
  4662 | D        | Killed a hellephant
  4665 | D        | Killed a frost giant
  4682 | D        | Noticed Antaeus
  4682 | D        | Noticed an Executioner
  4683 | D        | Killed a royal mummy
  4684 | D        | Reached skill level 10 in Long Blades
  4684 | D        | Reached XP level 16. HP: 29/171 MP: 21/28
  4696 | D        | Noticed Xacowi the pandemonium lord
  4702 | D        | Killed from afar by Antaeus

Illustrated notes

Levels and vault maps discovered:
D:        pitsprint [storerooms_1, entrance_room_1, metal_vault_4, armoury_2,
          mini_pit_1, grid_room_1, main_hall_1, silver_pit, the_coven_2,
          the_vestibule_1, steel_vault_1, golden_pit, hallway_of_sentries,
          crystal_vault_1, iron_vault_2, final_vault]

Skill      XL: |  1  2  3  4  5  6  7  8  9 10 11 12 13 14 15 |
---------------+----------------------------------------------+-----
Fighting       | 4 5 7 8 9 10 11 12 13 14 16 19 20 22 | 22.9
Armour         | 4 6 8 9 10 11 12 13 14 15 16 18 | 18.0
Shields        | 4 6 7 8 10 11 13 15 17 19 21 24 26 27 | 27.0
Axes           | 4 5 7 9 11 12 14 17 19 20 21 22 23 | 23.3
Dodging        | 1 2 3 4 5 |  5.8
Stealth        | 1 2 8 |  8.4
Invocations    | 6 11 14 16 18 | 18.7
Long Blades    | 10 | 10.6
Maces & Flails | 14 | 14.2

Action                   |  1- 3 |  4- 6 |  7- 9 | 10-12 | 13-15 | 16-18 || total
-------------------------+-------+-------+-------+-------+-------+-------++-------
Melee: War axe           |     6 |       |       |       |       |       ||     6
       Hand axe          |     9 |    42 |    51 |       |       |       ||   102
       Headbutt          |     1 |    12 |    18 |    32 |    78 |     3 ||   144
       Broad axe         |       |       |    48 |   158 |   260 |       ||   466
       Morningstar       |       |       |       |       |    96 |       ||    96
       Eudemon blade     |       |       |       |       |    20 |     6 ||    26
Invok: Disaster Area     |       |       |       |     4 |     5 |     3 ||    12
       Elemental Force   |       |       |       |     1 |       |       ||     1
  Use: Potion            |       |       |       |     4 |     8 |     7 ||    19
       Scroll            |       |       |       |       |     4 |     1 ||     5
 Stab: Invisible         |       |       |       |       |    10 |       ||    10
Armor: Scale mail        |     5 |    15 |       |       |       |       ||    20
       Chain mail        |       |    11 |    13 |       |       |       ||    24
       Plate armour      |       |       |    31 |    52 |    22 |       ||   105
       Gold dragon scale |       |       |       |       |    48 |     6 ||    54
Dodge: Dodged            |     4 |    18 |    35 |    45 |    52 |     1 ||   155
       Repelled          |       |       |       |     2 |     6 |       ||     8
Block: Kite shield       |     5 |    58 |   123 |   146 |       |       ||   332
       Tower shield      |       |       |       |    64 |   389 |    16 ||   469

Table legend: (Time is in decaauts)
 A = Elapsed time spent in this place.
 B = Non-inter-level travel time spent in this place.
 C = Inter-level travel time spent in this place.
 D = Time resting spent in this place.
 E = Time spent auto-exploring this place.
 F = Levels seen in this place.
 G = Mean time per level.
                   A        B        C        D        E       F      G
               +--------+--------+--------+--------+--------+-----+--------+
         Total |   4602 |   4602 |      0 |   2467 |    146 |   1 | 4602.0 |
       Dungeon |   4602 |   4602 |      0 |   2467 |    146 |   1 | 4602.0 |
               +--------+--------+--------+--------+--------+-----+--------+

Top non-repeatable levels by time:
       D: 4602 daAuts
